Map: Ancient Cistern LE

Players

ShowDown - Winner!

  • Race: Protoss Protoss
  • League: Grandmaster
  • Spawn Location: 1:00

llllllllllll

  • Race: Protoss Protoss
  • Spawn Location: 7:00

VOD

Have the link to the VOD?

Description

Time

  • Played on: Feb. 21, 2023, 1:38 p.m.
  • Length: 13:49
Show
View Real Time Build Order
Export as new Build Order

ShowDown Protoss - Winner!

Build Orders: Phoenix Opening, Blink Stalkers 

Get SALT Encoding   

  12  0:00  Probe  
  13  0:12  Probe  
  14  0:17  Pylon  
  14  0:25  Probe  
  15  0:36  Gateway  
  15  0:38  Probe (Chrono Boost)  
  16  0:47  Probe (Chrono Boost)  
  16  0:48  Assimilator  
  17  0:52  Probe  
  17  0:56  Assimilator  
  18  1:04  Probe (Chrono Boost)  
  18  1:08  Gateway  
  19  1:15  Probe (Chrono Boost)  
  20  1:20  Probe (Chrono Boost)  
  21  1:28  Cybernetics Core  
  21  1:30  Probe  
  22  1:35  Pylon  
  22  1:42  Probe  
  23  1:55  Probe  
  24  2:05  Sentry, Stalker  
  24  2:06  Warp Gate  
  28  2:09  Probe  
  28  2:12  Pylon  
  29  2:24  Pylon  
  29  2:34  Sentry  
  29  2:37  Phoenix  
  33  2:49  Nexus  
  33  2:50  Sentry  
  33  2:51  Probe (Chrono Boost)  
  34  3:01  Twilight Council  
  34  3:05  Probe (Chrono Boost)  
  35  3:09  Probe (Chrono Boost)  
  36  3:13  Pylon  
  36  3:18  Phoenix  
  36  3:20  Probe, Shield Battery  
  37  3:29  Blink (Chrono Boost)  
  37  3:32  Probe  
  38  3:45  Probe  
  39  3:53  Stalker  
  39  3:54  Stalker  
  43  3:57  Probe  
  43  3:58  Phoenix  
  43  4:02  Probe  
  45  4:08  Robotics Facility  
  45  4:09  Probe  
  46  4:14  Probe  
  47  4:20  Stalker  
  47  4:21  Probe  
  50  4:26  Probe  
  50  4:28  Stalker  
  53  4:33  Probe  
  54  4:39  Probe  
  55  4:45  Nexus  
  55  4:48  Pylon  
  55  4:49  Probe  
  57  4:52  Probe  
  57  4:56  Assimilator, Observer  
  58  5:02  Probe  
  58  5:05  Probe  
  60  5:09  Gateway  
  60  5:10  Stalker  
  60  5:13  Stalker  
  64  5:16  Probe (Chrono Boost)  
  64  5:17  Probe (Chrono Boost)  
  66  5:27  Gateway  
  66  5:29  Probe (Chrono Boost), Pylon  
  66  5:32  Probe (Chrono Boost)  
  62  5:38  Probe  
  62  5:42  Observer  
  62  5:44  Probe  
  63  5:50  Probe  
  64  5:58  Probe  
  64  6:00  Shield Battery  
  65  6:06  Observer  
  65  6:09  Immortal (Chrono Boost)  
  70  6:11  Probe (Chrono Boost)  
  70  6:14  Probe (Chrono Boost)  
  70  6:16  Probe (Chrono Boost)  
  72  6:21  Forge  
  72  6:25  Probe (Chrono Boost)  
  74  6:26  Probe (Chrono Boost)  
  74  6:31  Probe (Chrono Boost)  
  76  6:33  Probe (Chrono Boost), Stalker  
  76  6:34  Stalker  
  76  6:36  Probe (Chrono Boost)  
  76  6:38  Probe x2 (Chrono Boost)  
  82  6:45  Probe  
  84  6:48  Protoss Ground Weapons Level 1 (Chrono Boost), Stalker  
  84  6:49  Stalker  
  84  6:50  Probe  
  84  6:51  Probe  
  90  6:58  Probe, Charge  
  91  7:02  Probe  
  91  7:03  Probe, Pylon  
  91  7:06  Pylon  
  93  7:12  Observer  
  93  7:16  Gateway  
  93  7:17  Gateway  
  93  7:19  Gateway  
  93  7:21  Probe  
  93  7:22  Gateway  
  94  7:30  Stalker  
  94  7:31  Stalker x2  
  100  7:44  Pylon  
  100  7:46  Gateway  
  100  7:47  Gateway  
  100  7:51  Nexus  
  100  7:54  Stalker x2  
  104  8:04  Stalker  
  106  8:05  Stalker  
  106  8:09  Probe x3  
  106  8:11  Photon Cannon  
  111  8:14  Warp Prism  
  111  8:15  Stalker  
  111  8:16  Stalker  
  117  8:22  Pylon  
  117  8:27  Pylon  
  117  8:28  Dark Shrine  
  116  8:38  Shield Battery  
  116  8:39  Photon Cannon, Probe, Pylon  
  116  8:40  Probe  
  115  8:50  Zealot x5  
  109  8:56  Zealot x3  
  109  9:01  Zealot x2  
  93  9:13  Zealot x3  
  93  9:15  Zealot x2  
  93  9:17  Stalker x2  
  95  9:25  Zealot x3  
  101  9:31  Protoss Ground Weapons Level 2 (Chrono Boost)  
  101  9:34  Probe x2  
  103  9:39  Probe  
  103  9:42  Stalker  
  103  9:43  Stalker x2  
  110  9:46  Pylon  
  110  9:48  Probe  
  110  9:52  Dark Templar x3  
  115  9:53  Dark Templar  
  105  10:00  Zealot x3  
  105  10:07  Dark Templar  
  92  10:15  Zealot x2  
  92  10:16  Probe x2  
  92  10:17  Probe  
  87  10:24  Zealot x4  
  87  10:25  Zealot x2  
  87  10:28  Probe  
  87  10:29  Probe x2  
  84  10:35  Stalker  
  84  10:36  Stalker x2  
  84  10:41  Probe  
  87  10:55  Pylon, Nexus  
  83  11:04  Stalker x7  
  83  11:07  Zealot x2  
  101  11:15  Probe x3  
  104  11:20  Shield Battery  
  104  11:25  Stalker  
  106  11:30  Stalker x2  
  110  11:37  Stalker x2  
  114  11:46  Assimilator  
  114  11:47  Pylon  
  114  11:48  Photon Cannon  
  114  11:51  Assimilator, Stalker x2  
  114  11:52  Stalker  
  120  11:58  Probe x2  
  122  12:02  Stalker  
  122  12:04  Stalker  
  122  12:06  Zealot x2  
  130  12:09  Probe  
  130  12:10  Probe  
  130  12:23  Zealot x6  
  142  12:36  Stalker x4  
  148  12:52  Zealot x3  
  148  12:53  Zealot x3  
  154  13:07  Stalker x4  
  148  13:26  Zealot x4  
  148  13:27  Zealot x2  
  128  13:37  Dark Templar  
  128  13:38  Dark Templar  
Show
View Real Time Build Order
Export as new Build Order

llllllllllll Protoss 

Build Orders: Phoenix Opening, Blink Stalkers, Dark Templar Rush 

Get SALT Encoding   

  12  0:00  Probe  
  13  0:12  Probe  
  14  0:16  Pylon  
  14  0:24  Probe (Chrono Boost)  
  16  0:36  Probe (Chrono Boost)  
  16  0:37  Gateway  
  16  0:42  Probe (Chrono Boost)  
  16  0:45  Assimilator  
  17  0:50  Probe  
  17  0:52  Assimilator  
  18  1:03  Probe (Chrono Boost)  
  19  1:08  Gateway  
  20  1:12  Probe (Chrono Boost)  
  20  1:17  Probe (Chrono Boost)  
  21  1:27  Cybernetics Core  
  21  1:29  Probe  
  22  1:39  Pylon  
  22  1:41  Probe  
  23  1:57  Probe  
  24  2:03  Warp Gate  
  24  2:04  Sentry, Stalker  
  28  2:09  Probe  
  29  2:17  Pylon  
  29  2:27  Sentry  
  31  2:35  Stalker  
  33  2:43  Phoenix  
  33  2:49  Twilight Council  
  33  2:54  Nexus  
  33  3:14  Shield Battery  
  33  3:18  Pylon  
  33  3:20  Pylon  
  33  3:29  Probe  
  34  3:47  Probe (Chrono Boost), Blink (Chrono Boost)  
  35  3:49  Dark Shrine  
  35  3:59  Probe (Chrono Boost)  
  36  4:06  Stalker  
  36  4:07  Probe (Chrono Boost)  
  39  4:11  Probe (Chrono Boost)  
  39  4:14  Probe  
  39  4:16  Phoenix  
  41  4:19  Forge  
  41  4:22  Probe  
  42  4:26  Probe (Chrono Boost)  
  43  4:34  Probe (Chrono Boost)  
  43  4:38  Probe (Chrono Boost)  
  45  4:44  Probe (Chrono Boost)  
  46  4:46  Probe (Chrono Boost), Pylon  
  46  4:49  Probe (Chrono Boost)  
  48  4:52  Photon Cannon  
  48  4:56  Probe  
  49  5:00  Probe, Gateway x2  
  49  5:04  Dark Templar x2  
  54  5:09  Probe  
  54  5:13  Probe  
  56  5:21  Probe  
  57  5:25  Nexus  
  57  5:27  Probe  
  57  5:29  Assimilator  
  57  5:32  Pylon  
  55  5:42  Probe x2, Stalker x2  
  57  5:45  Pylon  
  57  5:47  Protoss Ground Weapons Level 1 (Chrono Boost)  
  57  5:49  Phoenix  
  59  5:54  Gateway  
  59  5:56  Gateway  
  59  5:57  Robotics Facility  
  59  6:02  Probe  
  60  6:05  Shield Battery  
  60  6:07  Probe  
  61  6:14  Probe  
  61  6:18  Charge  
  62  6:19  Probe  
  62  6:21  Stalker  
  65  6:26  Probe  
  65  6:28  Stalker x2  
  65  6:31  Probe (Chrono Boost)  
  65  6:32  Pylon  
  71  6:38  Probe x2 (Chrono Boost)  
  73  6:43  Probe (Chrono Boost), Pylon  
  76  6:48  Probe x2 (Chrono Boost)  
  76  6:51  Observer, Stalker x2  
  76  6:52  Probe (Chrono Boost)  
  76  6:53  Probe x2 (Chrono Boost)  
  82  6:56  Pylon  
  84  7:05  Probe, Gateway  
  84  7:07  Gateway  
  85  7:14  Pylon  
  85  7:15  Stalker x3  
  91  7:17  Stalker  
  93  7:24  Stalker x2  
  93  7:28  Warp Prism  
  99  7:33  Assimilator  
  99  7:35  Gateway  
  99  7:38  Gateway  
  99  7:42  Templar Archives  
  99  7:48  Zealot x4  
  107  7:57  Protoss Ground Weapons Level 2 (Chrono Boost)  
  107  8:07  Pylon, Nexus  
  107  8:10  Pylon  
  107  8:14  Zealot x4  
  115  8:31  High Templar x2  
  115  8:32  Zealot x4  
  127  8:35  Pylon  
  127  8:37  Pylon  
  127  8:38  Zealot, Archon  
  127  8:39  Zealot  
  131  8:41  Zealot  
  131  8:43  Pylon  
  129  8:54  Zealot x3  
  129  8:55  Zealot x2  
  93  9:11  Zealot x4  
  93  9:12  Zealot  
  101  9:17  Zealot x4  
  101  9:23  High Templar  
  111  9:25  Probe x2  
  111  9:35  High Templar x4  
  117  9:39  Archon  
  117  9:40  Archon  
  117  9:42  Zealot x5  
  127  9:48  Probe x2  
  127  9:49  Probe x2  
  131  9:59  Stalker  
  111  10:07  Stalker x3  
  111  10:08  Stalker x3  
  111  10:13  Photon Cannon  
  103  10:15  Photon Cannon  
  103  10:18  Photon Cannon  
  103  10:19  Observer (Chrono Boost)  
  93  10:31  Photon Cannon  
  84  10:47  Photon Cannon  
  83  10:52  Zealot x2  
  83  10:59  Photon Cannon  
  82  11:04  High Templar  
  82  11:06  High Templar  
  82  11:08  High Templar, Zealot x3  
  94  11:11  Probe x2 (Chrono Boost), Archon  
  94  11:14  Probe (Chrono Boost)  
  94  11:16  Archon  
  97  11:19  Probe (Chrono Boost)  
  97  11:23  Probe (Chrono Boost)  
  97  11:24  Probe (Chrono Boost)  
  101  11:26  Probe (Chrono Boost)  
  101  11:29  Zealot x2  
  101  11:32  Probe x2 (Chrono Boost)  
  106  11:41  Zealot x3  
  112  11:48  Zealot x2  
  112  11:49  Probe x2  
  112  11:51  Probe  
  119  11:56  Stalker  
  119  11:58  Stalker  
  123  12:09  Zealot x3  
  123  12:10  Probe x2  
  123  12:13  Zealot  
  131  12:25  Observer  
  128  12:34  Stalker x6  
  140  12:44  Shield Battery  
  136  12:48  Shield Battery  
  136  12:51  Stalker x3  
  132  12:54  Probe x2  
  132  12:55  Probe x2  
  120  13:15  Stalker x5  
  120  13:16  Stalker x2  
  120  13:19  Zealot  
  126  13:20  Zealot  
  126  13:23  Zealot  
  110  13:32  Stalker  
Tags
 
Add a new tag
Caveats
  • Supply blocks, unpowered buildings, or Contaminate may cause inaccurate times.
  • Supply counts are checked every 10 seconds.